 Dungeon Crawl Stone Soup version 0.29.1-2-gbd0b4ee654 (webtiles) character file.

Game seed: 303675122370582320

73253 Avanven the Unseen (level 15, -10/84 HPs)
             Began as a Kobold Enchanter on Nov 8, 2022.
             Was the Champion of Dithmenos.
             Mangled by a vault guard
             ... wielding a +0 great mace
              (13 damage)
             ... on level 13 of the Dungeon on Nov 9, 2022.
             The game lasted 01:50:32 (25795 turns).

Avanven the Unseen (Kobold Enchanter)              Turns: 25795, Time: 01:50:34

Health: -10/84     AC: 12    Str:  4      XL:     15   Next: 89%
Magic:  20/37      EV: 22    Int: 22 (23) God:    Dithmenos [******]
Gold:   956        SH:  0    Dex: 15 (16) Spells: 22/32 levels left

rFire   + . .      SeeInvis +   u - +6 short sword
rCold   . . .      Faith    .   (no shield)
rNeg    . . .      Spirit   .   i - +3 steam dragon scales
rPois   .          Reflect  .   o - +2 helmet
rElec   .          Harm     .   n - +2 cloak of the Thief {*Fog Slay-2 SInv Stlth+}
rCorr   .          Rampage  .   (no gloves)
Will    +....      Rage     9%  e - +0 pair of boots Stlth *****+++++
                                (no amulet)
HPRegen 0.24/turn               j - ring of protection from fire
MPRegen 0.25/turn               p - ring of magical power

@: on berserk cooldown, on blink cooldown, wreathed by umbra
A: small, no large weapons, nightstalker 3, berserk 2, deformed body,
deterioration 1, weak 1
a: Renounce Religion, Shadow Step, Shadow Form


You were on level 13 of the Dungeon.
You worshipped Dithmenos.
Dithmenos was exalted by your worship.
You visited 4 branches of the dungeon, and saw 21 of its levels.

You collected 1257 gold pieces.
You spent 301 gold pieces at shops.

Inventory:

Hand Weapons
 a - a +1 dagger of freezing
 u - a +6 short sword (weapon)
Missiles
 k - 4 throwing nets (quivered)
Armour
 e - a +0 pair of boots (worn)
 i - +3 steam dragon scales (worn)
 n - the +2 cloak of the Thief (worn) {*Fog Slay-2 SInv Stlth+}
   (You acquired it on level 11 of the Dungeon)

   It may release a thick cloud of smoke when the wearer is hurt.
   Slay:      It affects your accuracy & damage with ranged weapons and melee
   (-2).
   SInv:      It lets you see invisible.
   Stlth:     It makes you more stealthy.
 o - a +2 helmet (worn)
Jewellery
 j - a ring of protection from fire (left hand)
 p - a ring of magical power (right hand)
 r - an amulet of faith
 C - a +6 ring of intelligence
 D - a ring of see invisible
 J - a ring of protection from cold
Wands
 b - a wand of acid (21)
 m - a wand of iceblast (4)
 v - a wand of paralysis (17)
 y - a wand of flame (58)
 E - a wand of mindburst (9)
 H - a wand of digging (6)
Scrolls
 l - a scroll of amnesia
 q - 2 scrolls of teleportation
 s - 3 scrolls of vulnerability
 F - 2 scrolls of fog
 I - 2 scrolls of identify
 K - a scroll of silence
Potions
 c - a potion of invisibility
 d - 4 potions of might
 f - 3 potions of heal wounds
 g - 11 potions of curing
 h - 3 potions of flight
 t - 3 potions of resistance
 w - a potion of haste
 x - 2 potions of lignification
 z - 5 potions of ambrosia
 A - 3 potions of brilliance
 B - 3 potions of cancellation
 G - a potion of berserk rage


   Skills:
 - Level 6.0 Fighting
 + Level 15.2 Short Blades
 - Level 14.0 Dodging
 - Level 17.1 Stealth
 + Level 9.3 Spellcasting
 - Level 14.8 Hexes
 - Level 3.0 Translocations


You had 22 spell levels left.
You knew the following spells:

 Your Spells              Type           Power      Damage    Failure   Level
a - Ensorcelled Hibernat  Hex/Ice        84%        N/A       1%          2
b - Confusing Touch       Hex            66%        N/A       1%          3
c - Tukima's Dance        Hex            66%        N/A       1%          3
d - Blink                 Tloc           46%        N/A       2%          2

Your spell library contained the following spells:

 Spells                   Type           Power      Damage    Failure   Level
 Apportation              Tloc           46%        N/A       1%          1
 Dazzling Flash           Conj/Hex       84%        N/A       1%          3
 Lesser Beckoning         Tloc           23%        N/A       5%          3
 Beastly Appendage        Tmut           20%        N/A       7%          1
 Magic Dart               Conj           40%        1d5       7%          1
 Necrotise                Necr           40%        1d6       7%          1
 Call Imp                 Summ           10%        N/A       10%         2
 Passwall                 Tmut/Erth      8%         N/A       10%         2
 Static Discharge         Conj/Air       10%        3-5/arc   10%         2
 Wereblood                Tmut           10%        N/A       10%         2
 Ignite Poison            Fire/Tmut/Pois 10%        N/A       21%         3
 Mephitic Cloud           Conj/Pois/Air  10%        N/A       21%         3
 Spider Form              Tmut/Pois      10%        N/A       21%         3
 Swiftness                Air            10%        N/A       21%         3
 Vampiric Draining        Necr           10%        2d6       21%         3
 Manifold Assault         Tloc           23%        N/A       45%         5
 Dispel Undead            Necr           10%        3d9       54%         4
 Sticky Flame             Conj/Fire      10%        2d3       54%         4
 Summon Forest            Summ/Tloc      8%         N/A       67%         5
 Agony                    Necr           10%        N/A       88%         5
 Alistair's Intoxication  Tmut/Pois      6%         N/A       88%         5
 Freezing Cloud           Conj/Ice/Air   5%         6-21      88%         5
 Eringya's Noxious Bog    Tmut/Pois      5%         N/A       100%        6
 Summon Hydra             Summ           5%         N/A       100%        7


Dungeon Overview and Level Annotations

Branches:
Dungeon (13/15)            Temple (1/1) D:7            Lair (5/5) D:9
 Spider (0/4) Lair:2        Slime (0/5) Lair:5          Orc (2/2) D:12
 Vaults (0/5) D:13
  Swamp: Lair:2-3    Shoals: Lair:2-3       Elf: Orc:2

Altars:
Ashenzari
Cheibriados
Dithmenos
Elyvilon
Fedhas
Gozag
Hepliaklqana
Kikubaaqudgha
Makhleb
Nemelex Xobeh
Okawaru
Qazlal
Ru
Sif Muna
Trog
Uskayaw
Vehumet
Wu Jian
Xom
Yredelemnul
Zin
The Shining One

Shops:
D:2 *   D:5 [   D:9 [   D:10 *   D:11 (

Annotations:
Lair:2 9 exclusions
Lair:4 exclusion: oklob plant
Orc:2 Saint Roka


Innate Abilities, Weirdness & Mutations

You are small and have problems with some larger weapons.
You are completely attuned to the shadows.
You have an uncontrollable temper.
Armour fits poorly on your strangely shaped body.
Your body sometimes deteriorates upon taking damage.
You are weak. (Str -2)


Message History

The vault guard barely misses you.
You hit the vault guard but do no damage.
The vault guard is lightly wounded.
The vault guard completely misses you.
Casting: Confusing Touch (safe; 1% risk of failure)
Confirm with . or Enter, or press ? or * to list all spells.
Aiming: Tukima's Dance (safe; 1% risk of failure)
Press: ? - help, Shift-Dir - straight line, f - vault guard
Aim: a vault guard, wielding a +0 dire flail and wearing a +0 plate armour (black smoke, lightly wounded, umbra, chance to affect: 45%)
The vault guard resists with some effort.
The vault guard hits you with a +0 dire flail!
Unknown command.
Casting: Tukima's Dance (safe; 1% risk of failure)
Confirm with . or Enter, or press ? or * to list all spells.
Aiming: Tukima's Dance (safe; 1% risk of failure)
Press: ? - help, Shift-Dir - straight line, f/p - vault guard
Aim: a vault guard, wielding a +0 dire flail and wearing a +0 plate armour (black smoke, lightly wounded, umbra, chance to affect: 45%)
The +0 dire flail dances into the air!
The vault guard hits you.
* * * LOW HITPOINT WARNING * * *
The vault guard hits you.
* * * LOW HITPOINT WARNING * * *
You swap places.
The vault guard hits your +0 dire flail!
Your +0 dire flail hits the vault guard!
Something hits your +0 dire flail!!
Your +0 dire flail falls from the air.
The vault guard hits you but does no damage.
The vault guard hits you.
* * * LOW HITPOINT WARNING * * *
Casting: Tukima's Dance (safe; 1% risk of failure)
Confirm with . or Enter, or press ? or * to list all spells.
You blink.
The vault guard closely misses you.
The vault guard attacks as you move away!
The vault guard hits you!
* * * LOW HITPOINT WARNING * * *
You feel yourself speed up. The vault guard hits you.
* * * LOW HITPOINT WARNING * * *
The vault guard hits you with a +0 great mace!
You die...

.........................##
##..
..........................#
##.
..........................#
##
..........................##
# #.............# # #
#.............# #.
#§............##
.(p#####..............# #
.§p§§....p@...........# ##
..p#####.p............####.
#) #................... #
#...................
#.........(.........
######...........###
#................
.....####..... ..
....#####..... .


You could see 2 vault guards.

Vanquished Creatures
  Gastronok (Lair:2)
  Snorg (D:13)
  An ettin (D:12)
  2 hydras
  4 vault guards (D:13)
  A catoblepas (D:13)
  4 boulder beetles (D:12)
  A centaur warrior (D:13)
  3 two-headed ogres
  9 death yaks
  2 tengu warriors (D:13)
  Amaemon (Lair:1)
  2 goliath frogs (Lair:5)
  3 cyclopes
  A shining eye (shapeshifter) (D:13)
  2 oklob plants (Lair:5)
  An ugly thing (D:12)
  2 manticores
  3 black mambas
  23 elephants
  Joseph (Lair:1)
  A torpor snail (Lair:3)
  An orange demon (Lair:1)
  25 cane toads
  Maggie (D:9)
  4 rime drakes
  Psyche (D:9)
  5 komodo dragons
  2 unseen horrors
  A kobold demonologist (D:11)
  2 ice devils (Lair:4)
  3 tyrant leeches (Lair:5)
  A polar bear (Lair:3)
  4 trolls
  9 slime creatures (D:12)
  26 blink frogs
  A shadow (D:10)
  2 vampires
  57 yaks
  3 wraiths (D:12)
  6 wyverns
  5 basilisks
  9 vampire mosquitoes
  A steam dragon (D:6)
  2 wargs (Orc:1)
  3 acid dragons
  24 water moccasins
  Pargi (D:3)
  8 orc warriors
  3 black bears
  3 ice beasts
  A sky beast (D:7)
  4 ogres
  5 centaurs
  5 wolves (Lair:2)
  8 bullfrogs
  A gnoll sergeant (D:5)
  2 necrophages
  3 scorpions
  4 wights
  5 killer bees (D:9)
  8 electric eels
  A jelly (D:4)
  5 hounds
  15 orc priests
  A gnoll bouda (D:8)
  Terence (D:3)
  An iguana (D:7)
  12 orc wizards
  Robin (D:3)
  13 gnolls
  14 adders
  A white imp (D:7)
  4 worms
  5 dart slugs
  47 orcs
  6 bats
  2 endoplasms
  3 giant cockroaches (D:2)
  9 goblins
  8 hobgoblins
  3 jackals (D:1)
  6 quokkas
  12 ball pythons
  2 frilled lizards
  2 kobolds
  6 rats
  A butterfly (Lair:4)
509 creatures vanquished.

Vanquished Creatures (collateral kills)
  A hydra (D:12)
  3 vampire mosquitoes (D:12)
  A gnoll sergeant (Orc:1)
  3 wights (D:7)
  An orc wizard (Orc:1)
  4 gnolls
  3 orcs
  A goblin (D:3)
17 creatures vanquished.

Vanquished Creatures (others)
  4 dancing weapons
  2 bushes
  35 fungi
  142 plants
183 creatures vanquished.

Grand Total: 709 creatures vanquished

Notes
Turn   | Place    | Note
-------+----------+-------------------------------------------
     0 | D:1      | Avanven the Kobold Enchanter began the quest for the Orb.
     0 | D:1      | Reached XP level 1. HP: 10/10 MP: 3/3
   110 | D:1      | Reached XP level 2. HP: 15/15 MP: 5/5
   121 | D:1      | Learned a level 2 spell: Ensorcelled Hibernation
   466 | D:1      | Reached XP level 3. HP: 19/19 MP: 6/6
   789 | D:2      | Learned a level 3 spell: Confusing Touch
   888 | D:2      | Reached XP level 4. HP: 24/24 MP: 7/7
  1112 | D:2      | Reached skill level 5 in Stealth
  1325 | D:2      | Reached XP level 5. HP: 28/28 MP: 8/8
  1540 | D:2      | Found Gaeqit's Assorted Antiques.
  1658 | D:2      | Learned a level 3 spell: Tukima's Dance
  1999 | D:3      | Noticed Terence
  2003 | D:3      | Killed Terence
  2208 | D:3      | Reached skill level 5 in Short Blades
  2348 | D:3      | Found a radiant altar of Vehumet.
  2422 | D:3      | Reached XP level 6. HP: 32/32 MP: 9/9
  2823 | D:3      | Noticed Robin
  2827 | D:3      | Killed Robin
  2982 | D:3      | Noticed Pargi
  2998 | D:3      | Killed Pargi
  2999 | D:3      | Reached skill level 6 in Stealth
  3779 | D:4      | Found an opulent altar of Gozag.
  4036 | D:4      | Reached XP level 7. HP: 36/36 MP: 10/10
  4612 | D:5      | Entered Level 5 of the Dungeon
  4614 | D:5      | Noticed a water moccasin
  4618 | D:5      | Killed a water moccasin
  4619 | D:5      | Reached skill level 7 in Stealth
  4619 | D:5      | Reached skill level 5 in Hexes
  4635 | D:5      | Reached XP level 8. HP: 41/41 MP: 12/12
  4844 | D:5      | Reached skill level 8 in Stealth
  4910 | D:5      | Found Karoceg's Armour Boutique.
  6222 | D:6      | Reached XP level 9. HP: 17/45 MP: 6/15
  6477 | D:6      | Reached skill level 9 in Stealth
  7071 | D:6      | Found a broken altar of Ashenzari.
  7093 | D:6      | Found a snail-covered altar of Cheibriados.
  7582 | D:7      | Reached skill level 10 in Stealth
  7592 | D:7      | Reached skill level 10 in Short Blades
  7724 | D:7      | Reached XP level 10. HP: 35/50 MP: 16/16
  7858 | D:7      | Found a bloodstained altar of Trog.
  7955 | D:7      | Found a staircase to the Ecumenical Temple.
  8070 | Temple   | Entered the Ecumenical Temple
  8111 | Temple   | Became a worshipper of Dithmenos the Shadowed
  8728 | D:8      | Noticed a two-headed ogre
  8732 | D:8      | Killed a two-headed ogre
  8733 | D:8      | Reached skill level 11 in Stealth
  8843 | D:5      | Bought a +2 cloak of stealth for 301 gold pieces
  8860 | D:5      | Learned a level 2 spell: Blink
  9525 | D:9      | Found Margaret's Dragon-Slaying Spoils.
  9572 | D:9      | Reached skill level 1 in Translocations
  9594 | D:9      | Reached skill level 5 in Dodging
  9739 | D:9      | Reached XP level 11. HP: 54/54 MP: 17/17
  9920 | D:9      | Found a staircase to the Lair.
  9986 | D:9      | Noticed Psyche
  9990 | D:9      | Killed Psyche
  9999 | D:9      | Found an iron altar of Okawaru.
 10250 | D:9      | Noticed Maggie
 10254 | D:9      | Killed Maggie
 10507 | D:9      | Reached * piety under Dithmenos
 10755 | D:10     | Entered Level 10 of the Dungeon
 10770 | Lair:1   | Entered Level 1 of the Lair of Beasts
 10770 | Lair:1   | Noticed an elephant
 10770 | Lair:1   | Noticed an elephant
 10770 | Lair:1   | Noticed an elephant
 10771 | Lair:1   | Noticed an elephant
 10771 | Lair:1   | Noticed an elephant
 10772 | Lair:1   | Noticed an elephant
 10781 | D:9      | Killed an elephant
 10782 | D:9      | Reached skill level 12 in Stealth
 11074 | D:10     | Found Liotyed's CLEARANCE SALE!.
 11360 | D:10     | Reached skill level 10 in Hexes
 12086 | D:10     | Noticed a two-headed ogre
 12089 | D:10     | Killed a two-headed ogre
 12090 | D:10     | Reached skill level 13 in Stealth
 12194 | D:11     | Identified a scroll of acquirement
 12195 | D:11     | Acquired the +2 cloak of the Thief {*Fog Slay-2 SInv
                  | Stlth+}
 12195 | D:11     | Found the +2 cloak of the Thief {*Fog Slay-2 SInv Stlth+}
 12241 | D:11     | Noticed a manticore
 12257 | D:11     | Killed a manticore
 12258 | D:11     | Reached XP level 12. HP: 59/59 MP: 18/18
 12471 | D:11     | Noticed a four-headed hydra
 12474 | D:11     | Killed a four-headed hydra
 12496 | D:11     | Found Carch's Antique Weapon Emporium.
 12534 | D:11     | Reached skill level 14 in Stealth
 12855 | D:11     | Reached ** piety under Dithmenos
 13257 | D:12     | Reached skill level 5 in Spellcasting
 13301 | D:12     | Noticed a boulder beetle
 13305 | D:12     | Killed a boulder beetle
 13488 | D:12     | Noticed a boulder beetle
 13494 | D:12     | Killed a boulder beetle
 13495 | D:12     | Reached skill level 15 in Stealth
 13905 | D:12     | Noticed an eight-headed hydra
 13911 | D:12     | Killed a ten-headed hydra
 14512 | D:12     | Noticed a two-headed ogre
 14514 | D:12     | Noticed a boulder beetle
 14522 | D:12     | Killed a boulder beetle
 14523 | D:12     | Reached XP level 13. HP: 63/63 MP: 23/24
 14583 | D:12     | Noticed a boulder beetle
 14587 | D:12     | Killed a boulder beetle
 14588 | D:12     | Reached skill level 10 in Dodging
 14954 | D:9      | Reached skill level 1 in Fighting
 15049 | Lair:1   | Reached *** piety under Dithmenos
 15354 | Lair:1   | Reached skill level 5 in Fighting
 15392 | Lair:1   | Noticed Joseph
 15397 | Lair:1   | Killed Joseph
 15717 | Lair:1   | Noticed Amaemon
 15754 | Lair:1   | Killed Amaemon
 16630 | Lair:2   | Reached skill level 16 in Stealth
 16660 | Lair:2   | Noticed Gastronok
 16673 | Lair:2   | Killed Gastronok
 16674 | Lair:2   | Reached XP level 14. HP: 80/80 MP: 26/26
 16807 | Lair:2   | Reached **** piety under Dithmenos
 17138 | Lair:2   | Found a hole to the Spider Nest.
 17853 | Lair:3   | Reached skill level 17 in Stealth
 19942 | Lair:4   | Reached ***** piety under Dithmenos
 20925 | Lair:5   | Entered Level 5 of the Lair of Beasts
 21144 | Lair:5   | Found a staircase to the Slime Pits.
 21148 | Lair:5   | Reached XP level 15. HP: 84/84 MP: 27/27
 23797 | D:12     | Found a staircase to the Orcish Mines.
 23821 | Orc:1    | Entered Level 1 of the Orcish Mines
 24157 | Orc:1    | Reached ****** piety under Dithmenos
 24277 | Orc:2    | Entered Level 2 of the Orcish Mines
 24286 | Orc:2    | Noticed Saint Roka
 24904 | D:13     | Noticed Snorg
 24908 | D:13     | Killed Snorg
 25213 | D:13     | Gained mutation: You are weak. (Str -2) [a shining eye]
 25219 | D:13     | Gained mutation: Armour fits poorly on your strangely
                  | shaped body. [a shining eye]
 25222 | D:13     | Gained mutation: You sometimes lose your temper in combat.
                  | [a shining eye]
 25228 | D:13     | Gained mutation: You have an uncontrollable temper. [a
                  | shining eye]
 25231 | D:13     | Gained mutation: Your body sometimes deteriorates upon
                  | taking damage. [a shining eye]
 25723 | D:13     | Found a gate to the Vaults.
 25728 | D:13     | Reached skill level 15 in Short Blades
 25795 | D:13     | HP: 4/84 [vault guard (7)]
 25795 | D:13     | Mangled by a vault guard

Illustrated notes

Levels and vault maps discovered:
D:1:      scummos_arrival_checkerplants, layout_rooms
D:2:      layout_loops_ring, serial_shops, shop, minmay_fractal_squares_5
D:3:      layout_loops_corners, general_overflow_altar, st_stairs_5,
          serial_bayou_lagoon_a, uniq_terence, uniq_robin, uniq_pargi
D:4:      layout_basic, grunt_gozag_breadcrumbs
D:5:      layout_loops_ring, serial_shops, shop, hellmonk_bongcloud_opening,
          serial_bayou_pond_c, dreamdust_princess_corridor, patterned_corridor
D:6:      layout_cave_pods, mainiacjoe_overflow_divided_tiny
D:7:      layout_rooms, trog_three_pillars_becter, temple_fountains
D:8:      layout_loops_cross
D:9:      layout_small_grid, okawaru_gym_becter, minmay_lair_entry_grove,
          nicolae_shop_dragon_depot, uniq_maggie, uniq_psyche
D:10:     layout_loops_ring, nicolae_shop_clearance
D:11:     layout_rooms, serial_shops, shop, david_defended_altar_orc
D:12:     layout_irregular_city, erik_orc_2, minmay_circle_x
D:13:     layout_layer_cave, erik_vaults_2, uniq_snorg
Temple:   nicolae_temple_superstar
Lair:1:   layout_cave_pods, nicolae_lair_lil_pond, lemuel_fruit_tree,
          uniq_joseph, uniq_amaemon
Lair:2:   layout_gridlike, nicolae_swamp_entry_splash_gauntlet,
          spider_nest_entry_web_field, beast_lair_carwin_5, uniq_gastronok
Lair:3:   layout_chaotic_city, disabler_island, grunt_megastairs_4,
          serial_bayou_shore_a
Lair:4:   layout_cave_pods, portal_ice_cave_demonic_guard, dpeg_oklob_1,
          grunt_megastairs_3, lemuel_fruit_fields
Lair:5:   minmay_lair_end_frog_pond, layout_long_grid,
          minmay_slime_entry_oklob_enclosed
Orc:1:    layout_caves, uniq_erica, uniq_sonja
Orc:2:    st_orc_rangers, layout_caves, serial_shops, shop, uniq_saint_roka,
          uniq_erolcha, uniq_josephine

Skill      XL: |  1  2  3  4  5  6  7  8  9 10 11 12 13 14 15 |
---------------+----------------------------------------------+-----
Short Blades   | 2 3 4 5 6 7 10 12 14 15 | 15.2
Stealth        | 5 6 7 8 10 11 13 15 16 17 | 17.1
Hexes          | 4 5 6 7 8 10 11 13 14 | 14.8
Spellcasting   | 4 7 8 9 |  9.3
Dodging        | 5 8 9 10 12 14 | 14.0
Translocations | 2 3 |  3.0
Fighting       | 6 |  6.0

Action                   |  1- 3 |  4- 6 |  7- 9 | 10-12 | 13-15 || total
-------------------------+-------+-------+-------+-------+-------++-------
Melee: Dagger            |    57 |   110 |    98 |    51 |       ||   316
       Punch             |       |     1 |       |     7 |    10 ||    18
       Short sword       |       |       |       |   250 |   700 ||   950
Throw: Throwing net      |       |       |       |       |     1 ||     1
 Cast: Ensorcelled Hiber |     4 |    30 |    37 |    97 |   258 ||   426
       Tukima's Dance    |       |     1 |     5 |    10 |    21 ||    37
       Confusing Touch   |       |       |     5 |    20 |    48 ||    73
       Blink             |       |       |       |       |     7 ||     7
  Use: Scroll            |       |       |    13 |    10 |    21 ||    44
       Potion            |       |       |     1 |     1 |     7 ||     9
 Stab: Sleeping          |    16 |    37 |    42 |    91 |   203 ||   389
       Distracted        |     1 |       |       |     1 |     5 ||     7
       Confused          |       |       |     4 |    18 |    55 ||    77
       Invisible         |       |       |       |     3 |       ||     3
Armor: Robe              |     4 |    13 |     8 |       |       ||    25
       Steam dragon scal |       |       |     8 |    65 |   162 ||   235
Dodge: Dodged            |    27 |    67 |    69 |   165 |   640 ||   968
